 Dungeon Crawl Stone Soup version 0.27-a0-668-gb5737ff2c0 (webtiles) character file.

Game seed: 15965803403567595493

4 Lanoc the Charlatan (level 1, -7/9 HPs)
             Began as a Felid Artificer on Mar 17, 2021.
             Killed by nerve-wracking pain
             ... invoked by Jessica
              (11 damage)
             ... on level 2 of the Dungeon.
             The game lasted 00:00:19 (96 turns).

Lanoc the Charlatan (Felid Artificer)                 Turns: 96, Time: 00:00:19

Health: -7/9       AC:  1    Str:  8    XL:     1   Next: 50%
Magic:  2/2        EV: 18    Int: 12    God:
Gold:   10         SH:  0    Dex: 16    Spells: 0/0 levels left
                                        Lives:  0   Deaths: 0

rFire    . . .     SeeInvis +   (weapon unavailable)
rCold    . . .     Faith    .   (shield unavailable)
rNeg     . . .     Spirit   .   (armour unavailable)
rPois    .         Reflect  .   (helmet unavailable)
rElec    .         Harm     .   (cloak unavailable)
rCorr    .         Rampage  .   (gloves unavailable)
Will     .....                  (boots unavailable)
Stlth    ++........             (no amulet)
HPRegen  0.03/turn              (no ring)
MPRegen  0.08/turn              (no ring)

@: quick
A: very small, claws 1, fangs 3, see invisible, speed 1, shaggy fur 1, stealthy
paws, no weapons or thrown items, no armour, multi-lived
a: no special abilities


You were on level 2 of the Dungeon.
You visited 1 branch of the dungeon, and saw 2 of its levels.

You collected 10 gold pieces.

Inventory:

Wands
 a - a wand of flame (15) (quivered)
 b - a wand of charming (15)
 c - a wand of random effects (15)
Scrolls
 d - a scroll of identify {unknown}


   Skills:
 + Level 1.1 Fighting
 + Level 3.3 Dodging
 - Level 1.3 Stealth
 * Level 3.4 Evocations


You couldn't memorise any spells.
You didn't know any spells.
Your spell library was empty.

Dungeon Overview and Level Annotations

Branches:
Dungeon (2/15)

Altars:

Annotations:
D:2 Jessica


Innate Abilities, Weirdness & Mutations

You have sharp claws.
You have razor-sharp teeth.
You have supernaturally acute eyesight. (SInv)
You cover ground quickly. (Speed+)
You are covered in fur. (AC +1)
Your stealthy paws help you sneak and pounce on unaware monsters.
You are incapable of wielding weapons or throwing items.
You cannot wear armour.
You gain extra lives every three experience levels.


Message History

You scratch Jessica.
Jessica is lightly wounded.
The leopard gecko barely misses you. Jessica misses you.
You scratch the leopard gecko. You bite the leopard gecko.
You kill the leopard gecko!
Jessica mumbles some strange words.
Jessica seems to speed up.
Jessica misses you.
Jessica gestures wildly while chanting.
Jessica blinks!
You see here a leopard gecko corpse.
Found 2 metallic yellow potions.
Jessica closely misses you.
You scratch Jessica.
Jessica is moderately wounded.
Jessica misses you.
Jessica looks very angry.
Jessica closely misses you.
You closely miss Jessica.
Jessica is moderately wounded.
Jessica misses you.
You scratch Jessica but do no damage.
Jessica is moderately wounded.
Jessica misses you. x2
You scratch Jessica but do no damage.
Jessica is moderately wounded.
Jessica hits you.
You scratch Jessica but do no damage.
Jessica is moderately wounded.
Jessica misses you. Jessica completely misses you.
You scratch Jessica.
Jessica is heavily wounded.
Jessica misses you.
You barely miss Jessica. You bite Jessica, but do no damage.
Jessica is heavily wounded.
Jessica hits you. Jessica casts a spell at you. Pain shoots through your body!
Ouch! That really hurt!
You die...

....#...##..####.# .#
....#............##.#
.........##......#..#
....#....##........##
>........#....##....#
....#.........##..# #
###
#...#..##..†..#!####
###.#.######.......#
##.#.# #@......#
##..#.# #@......#
####.<##.# #.......#
#........# #.......#
#........# #..!....#
#........# #.......#
#........# #########
#.....<..# #........#


You could see Jessica (fast).

Vanquished Creatures
  A leopard gecko (D:2)
  A hobgoblin (D:2)
  A frilled lizard (D:2)
3 creatures vanquished.

Notes
Turn   | Place    | Note
-------+----------+-------------------------------------------
     0 | D:1      | Lanoc the Felid Artificer began the quest for the Orb.
     0 | D:1      | Reached XP level 1. HP: 9/9 MP: 2/2
    79 | D:2      | Noticed Jessica
    96 | D:2      | Killed from afar by Jessica

Illustrated notes

Levels and vault maps discovered:
D:1:      dpeg_arrival_three_bigger_balls, layout_loops_corners
D:2:      layout_rooms, uniq_jessica

Action                   || total
-------------------------++-------
Melee: Unarmed           ||    16
       Bite              ||     2
Armor: Skin              ||     1
Dodge: Dodged            ||    16

Table legend: (Time is in decaauts)
 A = Elapsed time spent in this place.
 B = Non-inter-level travel time spent in this place.
 C = Inter-level travel time spent in this place.
 D = Time resting spent in this place.
 E = Time spent auto-exploring this place.
 F = Levels seen in this place.
 G = Mean time per level.
                   A        B        C        D        E       F      G
               +--------+--------+--------+--------+--------+-----+--------+
         Total |     81 |     81 |      0 |      0 |     45 |   2 |   40.5 |
       Dungeon |     81 |     81 |      0 |      0 |     45 |   2 |   40.5 |
               +--------+--------+--------+--------+--------+-----+--------+

Top non-repeatable levels by time:
     D:2: 51 daAuts
     D:1: 29 daAuts
